 Dungeon Crawl Stone Soup version 0.14-a0-102-g2341383 (webtiles) character file.

390 PolkaDot the Cutter (level 5, -4/39 HPs)
             Began as a Vampire Death Knight on Oct 4, 2013.
             Was a Priest of Yredelemnul.
             Slain by Menkaure (23 damage)
             ... on Level 4 of the Dungeon.
             The game lasted 00:07:41 (2211 turns).

PolkaDot the Cutter (Vampire Death Knight)          Turns: 2211, Time: 00:07:41

HP  -4/39        AC  5     Str 17      XL: 5   Next: 60%
MP   9/9         EV 12     Int 13      God: Yredelemnul [***...]
Gold 175         SH  0     Dex 14      Spells:  0 memorised,  4 levels left

Res.Fire  : . . .   See Invis. : +   g - +0 elf dagger (venom)
Res.Cold  : . . .   Warding    : .   b - +0 leather armour
Life Prot.: . . .   Conserve   : .   (no shield)
Res.Poison: .       Res.Corr.  : .   (no helmet)
Res.Elec. : .       Clarity    : .   (no cloak)
Sust.Abil.: . .     Spirit.Shd : .   c - +1 pair of dwarf gauntlets
Res.Mut.  : .       Stasis     : .   (no boots)
Res.Rott. : .       Flight     : .   (no amulet)
Saprovore : . . .                    (no ring)
                                     (no ring)

@: regenerating quickly, invisible, mighty, very slightly contaminated, slightly
resistant to hostile enchantments, unstealthy
A: fangs 3, see invisible, unbreathing
a: Animate Dead, Recall Undead Slaves, Injury Mirror, Renounce Religion


You were on level 4 of the Dungeon.
You worshipped Yredelemnul.
Yredelemnul was most pleased with you.
You were very full.

You visited 1 branch of the dungeon, and saw 4 of its levels.

You collected 155 gold pieces.

Inventory:

Hand weapons
 a - a +1,+1 short sword
 g - a +0,+0 elven dagger of venom (weapon)
Armour
 b - a +0 leather armour (worn)
 c - a +1 pair of dwarven gauntlets (worn)
Scrolls
 d - a scroll of curse weapon {unknown}
 h - a scroll of remove curse
Potions
 e - a potion of curing


   Skills:
 - Level 1.7 Fighting
 * Level 5.4 Short Blades
 - Level 0.7 Armour
 + Level 3.5 Dodging
 - Level 2.4 Invocations


You had 4 spell levels left.
You didn't know any spells.

Dungeon Overview and Level Annotations

Branches:
Dungeon (4/27)
 Temple: D:4-7

Altars:

Annotations:
D:4 Menkaure


Innate Abilities, Weirdness & Mutations

Your natural rate of healing is unusually fast.
You have razor-sharp teeth.*
You have supernaturally acute eyesight.
You can survive without breathing.*


Message History

You are very lightly contaminated with residual magic.
Drink which item? (? for menu, Esc to quit)
You feel very mighty all of a sudden.
Menkaure casts a spell.
Menkaure seems to speed up.
Menkaure calls on the powers of darkness!
Your body is wracked with pain!
Menkaure barely misses you.
You hit Menkaure. Your bite misses Menkaure.
Menkaure is moderately damaged.
Menkaure hits you.
You puncture Menkaure!
Menkaure is severely damaged.
Menkaure closely misses you.
You hit Menkaure.
Menkaure is severely damaged.
Menkaure hits you!
Ouch! That really hurt!
You die...
Yredelemnul claims you as an undead slave.

###...........§§§§####
#.....###......§§§#
#.....###......§.....
#.....#.....>....####.#
+.............#...
#.....#.####..#.#.#
#.....#.# #..#.#..
#.....#.# ...#.#...
#######@# ..# #M# #.#
#.# #.# #.# #.# #.# #.#


You could see Menkaure.

Vanquished Creatures
  A hound (D:3)
  An orc priest (D:3)
  8 adders
  3 worms
  A giant gecko (D:3)
  4 orcs (D:3)
  8 bats
  7 goblins
  10 hobgoblins
  3 jackals (D:2)
  3 giant cockroaches
  5 giant newts
  2 kobolds
  8 rats
64 creatures vanquished.

Notes
Turn   | Place    | Note
--------------------------------------------------------------
     0 | D:1      | PolkaDot, the Vampire Death Knight, began the quest for the Orb.
     0 | D:1      | Reached XP level 1. HP: 16/16 MP: 3/3
   384 | D:1      | Reached XP level 2. HP: 22/22 MP: 4/4
   448 | D:1      | Reached skill level 3 in Short Blades
   678 | D:2      | Paralysed by a potion of paralysis for 4 turns
   737 | D:2      | Reached XP level 3. HP: 27/27 MP: 6/6
   778 | D:2      | Acquired Yredelemnul's second power
   831 | D:2      | Reached skill level 4 in Short Blades
  1000 | D:2      | Reached XP level 4. HP: 29/33 MP: 7/7
  1604 | D:3      | Reached XP level 5. HP: 33/39 MP: 9/9
  1690 | D:3      | Reached skill level 5 in Short Blades
  2020 | D:3      | Acquired Yredelemnul's third power
  2202 | D:4      | Noticed Menkaure
  2211 | D:4      | Slain by Menkaure

Action                   |  1- 3 |  4- 6 || total
-------------------------+-------+-------++-------
Melee: Short sword       |   124 |    12 ||   136
       Dagger            |       |   138 ||   138
Invok: Animate Remains   |       |     1 ||     1
  Use: Potion            |     4 |     2 ||     6
       Scroll            |       |     5 ||     5
